 Dungeon Crawl Stone Soup version 0.28.0-45-g0d030f2227 (webtiles) character file.

Game seed: 15223632864906712430

27 zeratav the Insei (level 3, -1/23 HPs)
             Began as an Octopode Transmuter on Apr 7, 2022.
             Slain by a scorpion (8 damage)
             ... on level 2 of the Dungeon.
             The game lasted 00:05:15 (1655 turns).

zeratav the Insei (Octopode Transmuter)             Turns: 1655, Time: 00:05:16

Health: -1/23      AC:  1    Str: 11    XL:     3   Next: 10%
Magic:  5/6        EV: 13    Int: 15    God:
Gold:   39         SH:  0    Dex: 12    Spells: 5/6 levels left

rFire   . . .      SeeInvis .   d - +0 mace {mace}
rCold   . . .      Faith    .   (no shield)
rNeg    . . .      Spirit   .   (helmet currently unavailable)
rPois   .          Reflect  .   (no amulet)
rElec   .          Harm     .   (no ring)
rCorr   .          Rampage  .   (no ring)
Will    .....                   (no ring)
Stlth   ++........              (no ring)
HPRegen 0.07/turn               (no ring)
MPRegen 0.10/turn               (no ring)
                                (no ring)
                                (no ring)

@: appendages
A: tentacle spike 3, almost no armour, amphibious, 8 rings, camouflage 1,
gelatinous body 1, (nimble swimmer 1), tentacles
a: End Transformation


You were on level 2 of the Dungeon.
One of your tentacles had grown a beastly spike.
You visited 1 branch of the dungeon, and saw 2 of its levels.

You collected 39 gold pieces.


Innate Abilities, Weirdness & Mutations

One of your tentacles has grown a beastly spike.
You cannot wear most types of armour.
You are amphibious.
You can wear up to eight rings at the same time.
Your skin changes colour to match your surroundings (Stealth+).
Your rubbery body absorbs attacks. (AC +1, EV +1)
((You are camouflaged when in or above water. (Stealth+)))
You have tentacles for arms and can constrict up to eight enemies at once.


   Skills:
 + Level 1.5 Fighting
 + Level 2.4 Dodging
 * Level 3.6 Unarmed Combat
 - Level 2.0 Spellcasting
 - Level 2.0 Transmutations


You had 5 spell levels left.
You knew the following spells:

 Your Spells              Type           Power      Damage    Failure   Level
a - Beastly Appendage     Tmut           14%        N/A       10%         1

Your spell library contained the following spells:

 Spells                   Type           Power      Damage    Failure   Level
 Wereblood                Tmut           7%         N/A       14%         2
 Spider Form              Tmut/Pois      4%         N/A       41%         3
 Ice Form                 Ice/Tmut       4%         N/A       82%         4

Inventory:

Hand Weapons
 d - a +0 mace (weapon) {mace}
   (You found it on level 1 of the Dungeon)
Missiles
 f - 12 poisoned darts {throwing}
Scrolls
 a - a scroll of vulnerability {unknown}
 b - 2 scrolls of teleportation {unknown}
 c - a scroll of enchant weapon {unknown}
 e - a scroll of identify {unknown}
 h - a scroll of noise {unknown}
 i - a scroll of magic mapping {unknown}
Potions
 g - a potion of curing {unknown}

Dungeon Overview and Level Annotations

Branches:
Dungeon (2/15)

Altars:

P≈≈P## .
....# ..
....# ≈w.
... ≈≈≈≈
...
≈≈≈≈≈##.#
≈≈P≈..s.#
#@# #.#
#.# #.#
#.# #.#
#.# #.#
#.#


You could see a scorpion and a dart slug.


Message History

f - 12 poisoned darts {throwing} (gained 2)
You see here 18 bolts.
A bat comes into view.
The bat closely misses you. The bat hits you but does no damage. x2
The bat closely misses you. The bat closely misses you.
You closely miss the bat. Your grab misses the bat.
You tentacle-slap the bat, but do no damage.
The bat hits you but does no damage. The bat closely misses you.
You barely miss the bat. Your grab misses the bat.
The bat completely misses you. The bat hits you but does no damage.
You miss the bat. You grab the bat. You constrict the bat.
The bat barely misses you.
The bat struggles to escape constriction.
The bat escapes!
The bat misses you. The bat misses you. The bat completely misses you.
A bat is nearby!
You hit the bat.
You kill the bat!
No target in view!
No target in view!
No target in view!
No target in view!
No target in view!
No target in view!
No target in view!
No target in view!
No target in view!
You see here a bat corpse.
Done exploring.
Done exploring.
(D) Dungeon
Where to? (? - help)
There is a stone staircase leading down here.
You climb downwards.
The ball python hisses angrily.
There is a stone staircase leading up here.
A ball python is nearby!
Casting: Beastly Appendage (safe; 10% risk of failure)
Confirm with . or Enter, or press ? or * to list all spells.
One of your tentacles grows a vicious spike.
MP[-1]
You lost 1 mp, and now have 4/5 mp.
You closely miss the ball python. Your grab misses the ball python.
You pierce the ball python.
You kill the ball python!
You see here a ball python corpse.
Your transformation is almost over.
Your tentacle spike disappears.
A frilled lizard comes into view.
MP[+1]
Your mp is fully restored (5).
The helpless frilled lizard fails to defend itself.
You hit the frilled lizard. Your grab misses the frilled lizard.
The frilled lizard misses you.
You closely miss the frilled lizard. Your grab misses the frilled lizard.
Your squeeze misses the frilled lizard. The frilled lizard barely misses you.
The frilled lizard bites you.
HP[-2]
You take 2 damage, and now have 16/18 hp.
You hit the frilled lizard.
You kill the frilled lizard!
HP[+1]
You see here a frilled lizard corpse.
A dart slug, a scorpion and an adder come into view.
The adder hisses angrily.
The adder bites you but does no damage.
HP[+1]
Your hp is fully restored (18).
You barely miss the adder. You grab the adder. You constrict the adder.
The adder bites you.
HP[-1]
You take 1 damage, and now have 17/18 hp.
You barely miss the adder. You constrict the adder.
The adder closely misses you. x2
You hit the adder.
You kill the adder!
You have reached level 3!
Your experience leads to an increase in your attributes!
Increase (S)trength, (I)ntelligence, or (D)exterity?
You feel stronger. x2
HP[+6] MP[+1]
You now have 23 max hp (+5).
Your hp is fully restored (23).
Your mp is fully restored (6).
Casting: Beastly Appendage (safe; 10% risk of failure)
Confirm with . or Enter, or press ? or * to list all spells.
One of your tentacles grows a vicious spike.
MP[-1]
You lost 1 mp, and now have 5/6 mp.
You hit the scorpion. You grab the scorpion.
You constrict the scorpion, but do no damage.
The scorpion stings you! x2
* * * LOW HITPOINT WARNING * * *
HP[-16]
You take 16 damage, and now have 7/23 hp.
MASSIVE DAMAGE!! (PAUSE)
You barely miss the scorpion.
You constrict the scorpion, but do no damage.
The scorpion stings you!
You die...

Action                   || total
-------------------------++-------
Melee: Unarmed           ||    20
       Constrict         ||     9
       Kick              ||     5
       Tentacles         ||     3
       Mace              ||    25
       Punch             ||     2
 Cast: Beastly Appendage ||    14
 Stab: Sleeping          ||     3
Armor: Skin              ||     9
Dodge: Dodged            ||    28

Levels and vault maps discovered:
D:1:      wheals_arrival_shading, layout_loops_ring, minmay_tromino_v4_a
D:2:      layout_loops_ring, shapermc_ecumenical_altar_notcrosses,
          serial_bayou_ford_a, st_stairs_5, minmay_quadrilaterals

Notes
Turn   | Place    | Note
-------+----------+-------------------------------------------
     0 | D:1      | zeratav the Octopode Transmuter began the quest for the
                  | Orb.
     0 | D:1      | Reached XP level 1. HP: 13/13 MP: 3/3
     0 | D:1      | magus.rc [v1.9.6]
     0 | D:1      | magus.rc [v1.9.6]
    86 | D:1      | magus.rc [v1.9.6]
   177 | D:1      | Reached XP level 2. HP: 11/18 MP: 5/5
   950 | D:1      | magus.rc [v1.9.6]
  1185 | D:1      | magus.rc [v1.9.6]
  1242 | D:1      | magus.rc [v1.9.6]
  1646 | D:2      | Noticed a scorpion
  1650 | D:2      | Reached XP level 3. HP: 23/23 MP: 6/6
  1655 | D:2      | Slain by a scorpion

Vanquished Creatures
  An adder (D:2)
  2 ball pythons
  An endoplasm (D:1)
  A goblin (D:1)
  2 hobgoblins (D:1)
  A quokka (D:1)
  4 bats (D:1)
  3 frilled lizards
  A kobold (D:1)
  4 rats (D:1)
20 creatures vanquished.

Vanquished Creatures (others)
  2 plants (D:2)
2 creatures vanquished.

Grand Total: 22 creatures vanquished

Table legend:
 A = Non-vault XP
 B = Vault XP
 C = Vault XP percentage of total XP
 D = Non-vault monster count
 E = Vault monster count
 F = Vault count percentage of total count
                 A         B        C        D         E       F
            +---------+---------+-------+---------+---------+-------
      Total |      32 |       7 |  17.9 |      16 |       4 |  20.0
            +---------+---------+-------+---------+---------+-------
        D:1 |      16 |       7 |  30.4 |      13 |       4 |  23.5
        D:2 |      16 |       0 |   0.0 |       3 |       0 |   0.0
            +---------+---------+-------+---------+---------+-------

Illustrated notes

Table legend:
 A = Kills in this place as a percentage of kills in entire the game.
 B = Kills by you in this place as a percentage of kills by you in the entire game.
 C = Kills by friends in this place as a percentage of kills by friends in the entire game.
 D = Other kills in this place as a percentage of other kills in the entire game.
 E = Experience gained in this place as a percentage of experience gained in the entire game.
 F = Experience gained in this place divided by the number of levels of this place that you have seen.
                   A       B       C       D       E      F
               +-------+-------+-------+-------+-------+----------------------
         Total | 100.0 | 100.0 |   N/A |   N/A | 100.0 |  19.5
       Dungeon | 100.0 | 100.0 |   N/A |   N/A | 100.0 |  19.5
               +-------+-------+-------+-------+-------+----------------------

Table legend: (Time is in decaauts)
 A = Elapsed time spent in this place.
 B = Non-inter-level travel time spent in this place.
 C = Inter-level travel time spent in this place.
 D = Time resting spent in this place.
 E = Time spent auto-exploring this place.
 F = Levels seen in this place.
 G = Mean time per level.
                   A        B        C        D        E       F      G
               +--------+--------+--------+--------+--------+-----+--------+
         Total |   1662 |   1597 |     65 |    717 |    522 |   2 |  831.0 |
       Dungeon |   1662 |   1597 |     65 |    717 |    522 |   2 |  831.0 |
               +--------+--------+--------+--------+--------+-----+--------+

Top non-repeatable levels by time:
     D:1: 1569 daAuts
     D:2: 93 daAuts
